 Dungeon Crawl Stone Soup version 0.25-a0-289-g406d6369f5 (webtiles) character file.

Game seed: 8334606081578301692, levelgen mode: deterministic

10437 Faustar the Fighter (level 11, -4/127 HPs)
             Began as a Troll Berserker on Dec 13, 2019.
             Was a High Priest of Trog.
             Slain by a wolf (9 damage)
             ... on level 1 of the Lair of Beasts.
             The game lasted 00:14:20 (8090 turns).

Faustar the Fighter (Troll Berserker)               Turns: 8090, Time: 00:14:21

Health: -4/127     AC:  8    Str: 30    XL:     11   Next: 36%
Magic:  10/10      EV: 10    Int:  3    God:    Trog [*****.]
Gold:   599        SH:  0    Dex:  9    Spells: 10/10 levels left

rFire    . . .     SeeInvis .     - Unarmed
rCold    . . .     Gourm    +   (no shield)
rNeg     . . .     Faith    .   x - +0 troll leather armour
rPois    +         Spirit   .   (helmet restricted)
rElec    .         Reflect  .   (no cloak)
rCorr    +         Harm     .   (gloves unavailable)
MR       +....                  (boots unavailable)
Stlth    +.........             (no amulet)
HPRegen  2.11/turn              d - ring of resist corrosion
MPRegen  0.12/turn              f - ring of poison resistance

@: vulnerable, berserk cooldown, regenerating, slowed, very slow
A: large, unfitting armour, claws 3, fast metabolism 3, gourmand, regeneration
1, shaggy fur 1, tough skin 3
a: Berserk, Trog's Hand, Brothers in Arms, Renounce Religion


You were on level 1 of the Lair of Beasts.
You worshipped Trog.
Trog was extremely pleased with you.
You were very full.

You visited 3 branches of the dungeon, and saw 12 of its levels.

You collected 599 gold pieces.

Inventory:

Hand Weapons
 A - a +7 dire flail
Armour
 a - a +1 animal skin
 x - a +0 troll leather armour (worn)
Jewellery
 d - a ring of resist corrosion (left claw)
 f - a ring of poison resistance (right claw)
 v - an uncursed ring of magical power
Wands
 o - a wand of disintegration (9)
 t - a wand of random effects (14)
 y - a wand of paralysis (17)
 B - a wand of clouds (6)
Scrolls
 l - 2 scrolls of enchant weapon
 m - 2 scrolls of amnesia
 n - 5 scrolls of remove curse
 r - 2 scrolls of enchant armour
 s - 3 scrolls of identify
 C - 2 scrolls of vulnerability
 D - a scroll of silence {unknown}
Potions
 e - 4 potions of flight
 g - a potion of ambrosia
 h - 8 potions of curing
 i - a potion of might {unknown}
 j - 4 potions of heal wounds
 k - 2 potions of resistance
 p - 3 potions of lignification
 q - 2 potions of cancellation
 u - a potion of degeneration {unknown}
 z - a potion of invisibility
Comestibles
 b - 29 rations
 c - 7 chunks of flesh


   Skills:
 + Level 13.1 Fighting
 - Level 2.4 Dodging
 - Level 9.3 Unarmed Combat


You had 10 spell levels left.
You didn't know any spells.
Your spell library was empty.

Dungeon Overview and Level Annotations

Branches:
Dungeon (10/15)            Temple (1/1) D:7            Lair (1/6) D:8
    Orc (0/2) D:10

Altars:
Ashenzari
Cheibriados
Dithmenos
Elyvilon
Gozag
Hepliaklqana
Nemelex Xobeh
Okawaru
Ru
Vehumet
Wu Jian
The Shining One

Shops:
D:10 :

Annotations:
D:10 Erolcha


Innate Abilities, Weirdness & Mutations

You are too large for most types of armour.
You have claws for hands.
Your metabolism is lightning-fast.
You like to eat raw meat.
Your natural rate of healing is unusually fast.
You are covered in fur. (AC +1)
You have extremely tough skin. (AC +3)


Message History

The wolf bites you.
* * * LOW HITPOINT WARNING * * *
You eviscerate the wolf!!!
You kill the wolf!
Trog accepts your kill. The wolf bites you.
* * * LOW HITPOINT WARNING * * *
The wolf bites you but does no damage. x2
The wolf barely misses you. The wolf bites you.
* * * LOW HITPOINT WARNING * * *
You feel a strong urge to attack something.
You feel your anger nearly subside.
You are no longer berserk.
You are exhausted.
You feel yourself slow down.
As you read the scroll labeled BUOHAA ICWUISH, it crumbles to dust.
Magic quickly surges around you.
It was a scroll of vulnerability.
The wolf bites you.
* * * LOW HITPOINT WARNING * * *
The wolf bites you!
You die...

#........##
##.........#
#.........#
##........##
#..........#P#
##............
#............
#hhh........
#.@....#.####
#............
#.....#.....
#.....#.P.##
#............
#.........###
#..........#
#<#######.##
#.# ..#


You could see 3 wolves.

Vanquished Creatures
  3 two-headed ogres
  An unseen horror (D:10)
  Pikel (D:7)
  A cyclops (D:10)
  A komodo dragon (D:10)
  A troll (D:9)
  2 wraiths (D:10)
  2 wyverns
  Edmund (D:4)
  4 orc warriors
  Duvessa (D:4)
  3 sky beasts
  A slave (D:7)
  4 black bears
  An ice beast (D:5)
  A phantom (D:4)
  2 wolves (Lair:1)
  A necrophage (D:5)
  8 ogres
  2 centaurs (D:7)
  A crocodile (Lair:1)
  2 big kobolds
  6 bullfrogs
  Dowan (D:4)
  5 scorpions
  12 killer bees
  3 wights (D:6)
  A howler monkey (D:9)
  8 crimson imps
  A quasit (D:10)
  8 hounds
  4 jellies
  A centaur skeleton (D:5)
  12 orc priests
  A bullfrog skeleton (D:7)
  4 iguanas
  8 orc wizards
  13 worker ants
  A hound zombie (D:8)
  A hound skeleton (D:6)
  Robin (D:2)
  8 gnolls
  11 adders
  3 shadow imps
  3 oozes
  An adder zombie (D:6)
  An adder skeleton (D:2)
  2 worms
  5 dart slugs
  5 leopard geckos
  33 orcs
  A ball python (D:6)
  10 bats
  8 giant cockroaches
  17 goblins
  11 hobgoblins
  16 jackals
  3 quokkas
  11 frilled lizards
  A jackal skeleton (D:8)
  18 kobolds
  3 quokka skeletons
  9 rats
315 creatures vanquished.

Vanquished Creatures (others)
  A slave (D:7)
1 creature vanquished.

Grand Total: 316 creatures vanquished

Notes
Turn   | Place    | Note
-------+----------+-------------------------------------------
     0 | D:1      | Faustar the Troll Berserker began the quest for the Orb.
     0 | D:1      | Reached XP level 1. HP: 22/22 MP: 0/0
    69 | D:1      | Reached XP level 2. HP: 29/29 MP: 1/1
   359 | D:1      | Reached ** piety under Trog
   359 | D:1      | Reached XP level 3. HP: 36/36 MP: 2/2
   871 | D:2      | Reached skill level 5 in Unarmed Combat
   871 | D:2      | Reached XP level 4. HP: 42/44 MP: 3/3
   945 | D:2      | Found an ornate altar of the Wu Jian Council.
  1118 | D:2      | Noticed Robin
  1151 | D:2      | Killed Robin
  1151 | D:2      | Reached XP level 5. HP: 50/50 MP: 4/4
  1152 | D:2      | Reached *** piety under Trog
  1249 | D:2      | Found a faded altar of an unknown god.
  1650 | D:3      | Found a sparkling altar of Nemelex Xobeh.
  1731 | D:3      | Found a glowing golden altar of the Shining One.
  1768 | D:3      | Found a shattered altar of Ashenzari.
  2222 | D:4      | Reached XP level 6. HP: 54/59 MP: 5/5
  2451 | D:4      | Reached **** piety under Trog
  2454 | D:4      | Found a snail-covered altar of Cheibriados.
  2454 | D:4      | Noticed Edmund
  2463 | D:4      | Killed Edmund
  2463 | D:4      | Reached XP level 7. HP: 66/66 MP: 6/6
  2702 | D:4      | Noticed Duvessa
  2702 | D:4      | Noticed Dowan
  2709 | D:4      | Killed Duvessa
  2710 | D:4      | Killed Dowan
  2958 | D:5      | Entered Level 5 of the Dungeon
  3069 | D:5      | Reached skill level 3 in Fighting
  3112 | D:5      | Reached XP level 8. HP: 66/75 MP: 7/7
  3160 | D:5      | Found a sacrificial altar of Ru.
  3219 | D:5      | Reached skill level 4 in Fighting
  3553 | D:5      | Reached skill level 5 in Fighting
  3958 | D:6      | Reached skill level 6 in Fighting
  4195 | D:6      | Reached skill level 7 in Fighting
  4261 | D:6      | Found a radiant altar of Vehumet.
  4281 | D:6      | Reached XP level 9. HP: 84/93 MP: 8/8
  4356 | D:6      | Found an opulent altar of Gozag.
  4877 | D:7      | Reached skill level 8 in Fighting
  4988 | D:7      | Noticed Pikel
  5001 | D:7      | Killed Pikel
  5001 | D:7      | Reached skill level 9 in Fighting
  5031 | D:7      | Found a staircase to the Ecumenical Temple.
  5129 | Temple   | Entered the Ecumenical Temple
  5361 | D:7      | Found a shadowy altar of Dithmenos.
  5844 | D:8      | Reached skill level 10 in Fighting
  5844 | D:8      | Reached XP level 10. HP: 94/110 MP: 9/9
  6014 | D:8      | Reached ***** piety under Trog
  6014 | D:8      | Received a gift from Trog
  6266 | D:8      | Noticed a two-headed ogre
  6274 | D:8      | Killed a two-headed ogre
  6274 | D:8      | Reached skill level 11 in Fighting
  6556 | D:8      | Found a staircase to the Lair.
  6770 | D:9      | Noticed a two-headed ogre
  6776 | D:9      | Killed a two-headed ogre
  7052 | D:9      | Reached skill level 12 in Fighting
  7209 | D:9      | Noticed a two-headed ogre
  7219 | D:9      | Killed a two-headed ogre
  7219 | D:9      | Reached XP level 11. HP: 62/123 MP: 10/10
  7467 | D:10     | Entered Level 10 of the Dungeon
  7690 | D:10     | Killed an unseen horror
  7742 | D:10     | Found Caqoa's Book Boutique.
  7787 | D:10     | Found a staircase to the Orcish Mines.
  7909 | D:10     | Reached skill level 13 in Fighting
  7946 | D:10     | Noticed Erolcha
  7948 | D:10     | Received a gift from Trog
  8053 | Lair:1   | Entered Level 1 of the Lair of Beasts
  8084 | Lair:1   | HP: 9/190 [wolf (9)]
  8090 | Lair:1   | HP: 5/127 [wolf (5)]
  8090 | Lair:1   | Slain by a wolf

Levels and vault maps discovered:
D:1:      tarquinn_simple_flora_water_d, layout_loops_ring, st_stairs_8,
          chequers_serial_rivers_micro_a
D:2:      layout_loops_ring, lemuel_round_altar,
          chequers_ecumenical_altar_simple, uniq_robin
D:3:      layout_loops_ring, lemuel_doored_altar, tso_oasis_becter,
          minmay_misc_feat_iff, nemelex_dance_club_becter
D:4:      minmay_recursive_quarters, layout_gridville, kennysheep_slug_shrine,
          uniq_edmund, uniq_duvessa
D:5:      layout_basic, hangedman_ru_absence, first_ration, grunt_ministairs_1
D:6:      layout_basic, basic_altar,
          nicolae_gozag_cash_rules_everything_around_me
D:7:      layout_loops_ring, grunt_dithmenos_smoke_and_mirrors,
          minmay_temple_entry_mini_moons, grunt_ministairs_11, grunt_ogre_cave,
          uniq_pikel
D:8:      layout_loops_ring, lair_entry_dummy
D:9:      layout_loops_ring
D:10:     layout_roguey, serial_shops, shop, uniq_erolcha
Temple:   eino_temple_rhombus
Lair:1:   layout_chaotic_city, basic_altar, infiniplex_staircase_pool_2,
          grunt_megastairs_1, serial_bayou_shore_a

Skill      XL: |  1  2  3  4  5  6  7  8  9 10 11 |
---------------+----------------------------------+-----
Unarmed Combat | 4 5 6 8 9 |  9.3
Fighting       | 3 7 10 12 13 | 13.1
Dodging        | |  2.4

Action                   |  1- 3 |  4- 6 |  7- 9 | 10-12 || total
-------------------------+-------+-------+-------+-------++-------
Melee: Unarmed           |   114 |   166 |   283 |   261 ||   824
       Punch             |     3 |     4 |    11 |    15 ||    33
Invok: Berserk           |       |     3 |     3 |     6 ||    12
       Trog's Hand       |       |     1 |     4 |     6 ||    11
  Use: Scroll            |     1 |       |       |    17 ||    18
 Stab: Sleeping          |     1 |       |       |       ||     1
  Eat: Chunk             |     9 |    21 |    37 |    27 ||    94
Armor: Animal skin       |    43 |    73 |    65 |    22 ||   203
       Troll leather arm |       |       |       |    54 ||    54
Dodge: Dodged            |    59 |    73 |   118 |   118 ||   368

Table legend:
 A = Non-vault XP
 B = Vault XP
 C = Vault XP percentage of total XP
 D = Non-vault monster count
 E = Vault monster count
 F = Vault count percentage of total count
                 A         B        C        D         E       F
            +---------+---------+-------+---------+---------+-------
      Total |   13292 |    1618 |  10.9 |     279 |      35 |  11.1
            +---------+---------+-------+---------+---------+-------
        D:1 |      65 |       2 |   3.0 |      33 |       1 |   2.9
        D:2 |     110 |      39 |  26.2 |      28 |      13 |  31.7
        D:3 |     146 |      10 |   6.4 |      21 |       2 |   8.7
        D:4 |     305 |     532 |  63.6 |      18 |      10 |  35.7
        D:5 |     819 |       2 |   0.2 |      24 |       1 |   4.0
        D:6 |     860 |      41 |   4.6 |      29 |       1 |   3.3
        D:7 |    1175 |     992 |  45.8 |      22 |       7 |  24.1
        D:8 |    3009 |       0 |   0.0 |      39 |       0 |   0.0
        D:9 |    2881 |       0 |   0.0 |      27 |       0 |   0.0
       D:10 |    3586 |       0 |   0.0 |      35 |       0 |   0.0
     Lair:1 |     336 |       0 |   0.0 |       3 |       0 |   0.0
            +---------+---------+-------+---------+---------+-------
